 Dungeon Crawl Stone Soup version 0.25-a0-294-gea9b1ad378 (webtiles) character file.

Game seed: 17128054316735523540, levelgen mode: deterministic

24962 MisterFreud the Nimble (level 12, -15/58 HPs)
             Began as a Felid Wanderer on Dec 16, 2019.
             Was a Follower of Uskayaw.
             Demolished by an orc warlord
             ... wielding a +3 dire flail of protection
              (29 damage)
             ... on level 1 of the Orcish Mines.
             The game lasted 01:18:21 (28051 turns).

MisterFreud the Nimble (Felid Wanderer)            Turns: 28051, Time: 01:18:22

Health: -15/58     AC:  7    Str:  9    XL:     12   Next: 85%
Magic:  21/25      EV: 28    Int: 16    God:    Uskayaw [*.....]
Gold:   1362       SH:  0    Dex: 17    Spells: 8/27 levels left
                                        Lives:  0   Deaths: 3

rFire    . . .     SeeInvis +     - Unarmed
rCold    + . .     Gourm    .   (shield unavailable)
rNeg     . . .     Faith    .   (armour unavailable)
rPois    .         Spirit   .   (helmet unavailable)
rElec    .         Reflect  .   (cloak unavailable)
rCorr    .         Harm     .   (gloves unavailable)
MR       +....                  (boots unavailable)
Stlth    ++++......             w - amulet of the acrobat
HPRegen  0.19/turn              C - +3 ring of slaying
MPRegen  0.19/turn              I - +3 ring of slaying

@: blade paws, quick
A: very small, no armour, no weapons or thrown items, stealth, claws 1, fangs 3,
molten scales 1, thin metallic scales 1, see invisible, blink, carnivore, speed
1, shaggy fur 3, slow metabolism 1
a: End Transformation, Blink, Stomp, Renounce Religion


You were on level 1 of the Orcish Mines.
You worshipped Uskayaw.
Uskayaw was aware of your devotion.
You were full.
You had blades for front paws.
You visited 4 branches of the dungeon, and saw 20 of its levels.

You collected 1362 gold pieces.

Inventory:

Missiles
 n - 181 arrows
Jewellery
 i - an uncursed ring of protection from fire
 l - an uncursed ring of positive energy
 m - an uncursed ring of ice
 w - an amulet of the acrobat (around neck)
 y - an uncursed ring of stealth
 C - a +3 ring of slaying (left scythe-like blade)
 D - an uncursed ring of positive energy
 I - a +3 ring of slaying (right scythe-like blade)
Wands
 h - a wand of enslavement (10)
 u - a wand of scattershot (6)
 x - a wand of random effects (21)
 B - a wand of acid (16)
 F - a wand of iceblast (4)
 L - a wand of paralysis (13)
Scrolls
 b - a scroll of noise
 c - 13 scrolls of teleportation
 e - 12 scrolls of remove curse
 k - 8 scrolls of magic mapping
 q - a scroll of immolation
 v - 3 scrolls of fear
 A - 3 scrolls of blinking
 K - a scroll of amnesia
Potions
 a - 7 potions of haste
 f - 6 potions of curing
 j - 3 potions of heal wounds
 p - 6 potions of might
 r - 3 potions of agility
 s - a potion of magic
 t - 2 potions of flight
 z - 2 potions of brilliance
 E - 2 potions of berserk rage
 H - a potion of experience
 J - a potion of cancellation
 M - 3 potions of ambrosia
Miscellaneous
 o - a phantom mirror
 G - a fan of gales
Comestibles
 d - 41 rations


   Skills:
 - Level 10.0 Fighting
 - Level 12.0 Dodging
 - Level 10.0 Stealth
 - Level 10.0 Unarmed Combat
 - Level 8.2 Spellcasting
 - Level 10.0 Hexes
 - Level 5.1 Charms
 + Level 10.9 Transmutations
 - Level 10.0 Invocations
 - Level 5.0 Evocations


You had 8 spell levels left.
You knew the following spells:

 Your Spells              Type           Power        Failure   Level  Hunger
a - Confuse               Hex            #####...     12%         3    #......
b - Cause Fear            Hex            #####.....   21%         4    ###....
c - Ozocubu's Armour      Chrm/Ice       ##......     50%         3    #......
d - Sticks to Snakes      Tmut           #####...     9%          2    None
e - Blade Hands           Tmut           #####.....   26%         5    #####..
f - Swiftness             Chrm/Air       ##......     36%         2    None

Your spell library contained the following spells:

 Spells                   Type           Power        Failure   Level  Hunger
 Beastly Appendage        Tmut           #####.       8%          1    None
 Confusing Touch          Hex            #####.       9%          1    None
 Spider Form              Tmut/Pois      ###.......   28%         3    #......
 Inner Flame              Hex/Fire       ###.....     30%         3    #......
 Yara's Violent Unravell  Hex/Tmut       #####.....   30%         5    #####..
 Animate Skeleton         Necr           N/A          47%         1    None
 Apportation              Tloc           #.....       47%         1    None
 Freeze                   Ice            #...         47%         1    None
 Shock                    Conj/Air       #...         47%         1    None
 Summon Small Mammal      Summ           #...         47%         1    None
 Regeneration             Chrm/Necr      ##........   50%         3    #......
 Ice Form                 Ice/Tmut       ###.....     50%         4    ###....
 Petrify                  Tmut/Erth      ###.....     50%         4    ###....
 Corpse Rot               Necr/Air       N/A          58%         2    None
 Gell's Gravitas          Tloc           #.........   75%         3    #......
 Static Discharge         Conj/Air       #.......     75%         3    #......
 Metabolic Englaciation   Hex/Ice        ###.......   78%         5    #####..
 Silence                  Hex/Air        ###.......   78%         5    #####..
 Airstrike                Air            #.........   96%         4    ###....
 Hailstorm                Conj/Ice       #.......     96%         4    ###....
 Sticky Flame             Conj/Fire      #.......     96%         4    ###....
 Summon Ice Beast         Ice/Summ       #.......     96%         4    ###....
 Fireball                 Conj/Fire      #.........   100%        5    #####..
 Lightning Bolt           Conj/Air       #.........   100%        5    #####..
 Death Channel            Necr           #.........   100%        6    ######.
 Deflect Missiles         Chrm/Air       ##........   100%        6    ######.
 Discord                  Hex            #####.....   100%        8    #######


Dungeon Overview and Level Annotations

Branches:
Dungeon (12/15)            Temple (1/1) D:7            Lair (6/6) D:11
 Shoals (0/4) Lair:2        Snake (0/4) Lair:4        Slime (0/5) Lair:6
    Orc (1/2) D:9

Altars:
Ashenzari
Cheibriados
Dithmenos
Elyvilon
Fedhas
Gozag
Hepliaklqana
Kikubaaqudgha
Makhleb
Nemelex Xobeh
Okawaru
Qazlal
Ru
Sif Muna
Trog
Uskayaw
Vehumet
Wu Jian
Xom
Yredelemnul
Zin
The Shining One
Jiyva

Shops:
D:9 %   D:11 *

Annotations:
Lair:1 exclusion: oklob plant
Lair:6 2 runed translucent doors


Innate Abilities, Weirdness & Mutations

You cannot wear armour.
You are incapable of wielding weapons or throwing items.
Your paws allow you to move quietly. (Stealth)
You have sharp claws.
You have razor-sharp teeth.
You have supernaturally acute eyesight. (SInv)
You are carnivorous and can eat meat at any time.
You cover ground quickly.
Your thick and shaggy fur keeps you warm. (AC +3, rC+)
You have a slow metabolism.
((Your sharp claws are effective at attacking unaware monsters.))
You are partially covered in molten scales. (AC +2)
You are partially covered in thin metallic scales. (AC +2)
You can translocate small distances at will.


Message History

The orc warlord hits you with a +3 dire flail of protection!
The orc completely misses you.
You hit the orc warlord but do no damage.
The orc warlord is lightly wounded.
The orc warlord closely misses you. The orc hits you with a +0 falchion.
You hit the orc warlord but do no damage.
The orc warlord is lightly wounded.
You hit the orc warlord but do no damage.
The orc warlord is lightly wounded.
The orc warlord closely misses you. The orc hits you with a +0 falchion.
You slash the orc warlord!
The orc warlord is lightly wounded.
The orc warlord hits you with a +3 dire flail of protection!!
* * * LOW HITPOINT WARNING * * *
The orc misses you.
You slice the orc warlord!!
The orc warlord is moderately wounded.
The orc warlord hits you with a +3 dire flail of protection!!
Ouch! That really hurt!
You die...

##.##..#......# #.## #
#####.....).# ##..## ##.
#.....)[).####....# .#.
###.....)###.....## ##...
##.....#####.[$)### #....
#.......[.[...#))†###....
#........÷...###.))†#.)..
#.....##..o....##.....)...#
.....###..@o..#####...$..##
.....## #........##.......#
##... #.............#....#
##$ ......#.........#.....
.....####...$....##....
#..... #$..$..#####...
##... ##.....# ... .#.#
###..## #.# ####


You could see an orc warlord and an orc.

Vanquished Creatures
  Nessos (Lair:5)
  Snorg (D:11)
  10 hydras
  A two-headed ogre (D:12)
  Sonja (Lair:6)
  A fire crab (Lair:6)
  An unseen horror (D:11)
  2 orc sorcerers (Orc:1)
  2 manticores (D:12)
  Joseph (D:7)
  6 elephants (Lair:4)
  7 black mambas
  2 molten gargoyles (Lair:6)
  A torpor snail (Lair:5)
  8 spiny frogs
  A kobold demonologist (D:12)
  A rime drake (Lair:4)
  7 komodo dragons
  4 trolls
  4 merfolk (Lair:2)
  4 hornets
  Prince Ribbit (D:6)
  10 hippogriffs
  8 blink frogs
  10 wyverns
  A wraith (D:12)
  18 yaks
  A vampire (D:12)
  3 basilisks
  A hungry ghost (D:12)
  3 steam dragons
  9 vampire mosquitoes (D:12)
  4 nagas (Lair:4)
  4 wargs (D:10)
  A soldier ant (D:10)
  4 hell hounds (Lair:6)
  Duvessa (D:7)
  6 water moccasins
  13 porcupines
  3 black bears
  3 sky beasts
  17 orc warriors
  2 ice beasts
  11 ogres
  4 phantoms
  A necrophage (D:10)
  11 wolves
  A centaur (D:8)
  16 crocodiles
  A big kobold (D:11)
  12 bullfrogs
  Blork the orc (D:5)
  2 wyvern zombies (D:10)
  Dowan (D:7)
  A wyvern skeleton (D:12)
  4 scorpions
  15 killer bees
  3 howler monkeys
  5 wights (D:8)
  6 electric eels
  5 crimson imps
  5 lava snakes (Lair:6)
  2 quasits
  A bullfrog zombie (D:11)
  3 centaur zombies
  10 hounds
  6 jellies
  21 orc wizards
  3 bullfrog skeletons
  15 orc priests
  A gnoll shaman (D:6)
  4 centaur skeletons
  10 iguanas
  Natasha (thrice) (D:2)
  7 worker ants
  A hound skeleton (D:11)
  8 gnolls (D:6)
  A howler monkey skeleton (D:6)
  11 adders
  A shadow imp (D:12)
  A white imp (D:5)
  2 oozes
  A worm (D:3)
  3 dart slugs (D:2)
  10 leopard geckos
  79 orcs
  A ball python (D:3)
  8 bats
  A giant cockroach (D:5)
  10 goblins
  6 hobgoblins
  15 kobolds
  3 quokkas
  4 frilled lizards
  A jackal zombie (D:6)
  5 leopard gecko skeletons
  A leopard gecko zombie (D:8)
  8 rats
  2 plants
563 creatures vanquished.

Vanquished Creatures (others)
  5 fungi
  10 plants (Lair:2)
15 creatures vanquished.

Grand Total: 578 creatures vanquished

Notes
Turn   | Place    | Note
-------+----------+-------------------------------------------
     0 | D:1      | MisterFreud the Felid Wanderer began the quest for the Orb.
     0 | D:1      | MisterFreud set off with the following items: a potion of
                  | haste, a scroll of blinking, 2 scrolls of teleportation, a
                  | ration
     0 | D:1      | Reached XP level 1. HP: 12/12 MP: 2/2
   207 | D:1      | Reached XP level 2. HP: 15/16 MP: 3/3
   922 | D:2      | Noticed Natasha
   932 | D:2      | Killed Natasha
   932 | D:2      | Reached skill level 2 in Dodging
   932 | D:2      | Reached XP level 3. HP: 19/19 MP: 4/4
  1005 | D:2      | Reached XP level 4. HP: 10/23 MP: 5/5
  1582 | D:2      | Noticed Natasha
  1593 | D:2      | Gained mutation: You can translocate small distances at
                  | will. [potion of mutation]
  1593 | D:2      | Gained mutation: You are partially covered in thin metallic
                  | scales. (AC +2) [potion of mutation]
  1593 | D:2      | Gained mutation: You are partially covered in molten
                  | scales. (AC +2) [potion of mutation]
  1599 | D:2      | Killed Natasha
  1635 | D:2      | Noticed Natasha
  1653 | D:2      | Killed Natasha
  1653 | D:2      | Reached XP level 5. HP: 8/26 MP: 6/6
  1937 | D:2      | Learned a level 3 spell: Confuse
  1998 | D:3      | Reached skill level 5 in Unarmed Combat
  2074 | D:3      | Reached skill level 3 in Dodging
  2718 | D:3      | Reached skill level 4 in Dodging
  3083 | D:3      | Gained mutation: You are covered in thick fur. (AC +2)
                  | [Felid growth]
  3083 | D:3      | Reached XP level 6. HP: 30/30 MP: 7/7
  3785 | D:4      | You fall into a shaft and drop 3 floors!
  3790 | D:7      | Noticed Joseph
  3849 | D:8      | Shot with an arrow by a centaur
  3850 | D:8      | Reached XP level 5. HP: -2/26 MP: 6/6
  3865 | D:8      | Killed a centaur
  3865 | D:8      | Reached skill level 5 in Dodging
  3865 | D:8      | Reached XP level 6. HP: 12/30 MP: 7/7
  3869 | D:8      | Noticed a sky beast
  3889 | D:8      | Killed a sky beast
  3889 | D:8      | Reached skill level 5 in Stealth
  4138 | D:8      | Reached skill level 6 in Dodging
  4157 | D:8      | Reached skill level 1 in Hexes
  4186 | D:8      | Reached XP level 7. HP: 31/33 MP: 8/8
  4190 | D:8      | Reached skill level 7 in Dodging
  4575 | D:8      | Noticed a hippogriff
  4652 | D:7      | Reached skill level 8 in Dodging
  4668 | D:7      | Found a staircase to the Ecumenical Temple.
  4679 | Temple   | Entered the Ecumenical Temple
  4836 | Temple   | Became a worshipper of Uskayaw the Reveler
  4886 | D:6      | Reached * piety under Uskayaw
  4901 | D:6      | Noticed Prince Ribbit
  4942 | D:5      | Entered Level 5 of the Dungeon
  5069 | D:5      | Found a burning altar of Makhleb.
  5072 | D:5      | Found a glowing silver altar of Zin.
  5073 | D:5      | Noticed an angel
  5073 | D:5      | Noticed an Executioner
  5095 | D:5      | Reached ** piety under Uskayaw
  5097 | D:5      | Noticed Blork the orc
  5110 | D:5      | Reached skill level 5 in Hexes
  5114 | D:5      | Reached *** piety under Uskayaw
  5115 | D:5      | Killed Blork the orc
  5115 | D:5      | Reached XP level 8. HP: 24/37 MP: 0/10
  5290 | D:4      | Reached skill level 9 in Dodging
  6510 | D:6      | Killed Prince Ribbit
  6510 | D:6      | Reached skill level 10 in Dodging
  6510 | D:6      | Reached skill level 1 in Spellcasting
  6517 | D:6      | Noticed a hippogriff
  6532 | D:6      | Reached **** piety under Uskayaw
  6579 | D:6      | Killed a hippogriff
  6579 | D:6      | Reached skill level 1 in Invocations
  6916 | D:6      | Reached XP level 9. HP: 25/40 MP: 12/12
  7371 | D:6      | Found a bloodstained altar of Trog.
  7718 | D:7      | Killed Joseph
  7718 | D:7      | Reached skill level 5 in Invocations
  8113 | D:7      | Noticed Dowan
  8121 | D:7      | Noticed Duvessa
  8131 | D:7      | Killed Dowan
  8135 | D:7      | Killed Duvessa
  8634 | D:8      | Reached ***** piety under Uskayaw
  8637 | D:8      | Reached XP level 10. HP: 34/45 MP: 9/15
  9007 | D:9      | Found a staircase to the Orcish Mines.
  9302 | D:9      | Identified a scroll of acquirement
  9303 | D:9      | Identified Remoynef's Incunabulum of Igneous Necromancy
                  | (You acquired it on level 9 of the Dungeon)
  9488 | D:9      | Found Puntylar's Food Shoppe.
  9805 | D:9      | Reached skill level 11 in Dodging
 10240 | D:9      | HP: 2/45 [poisoned by a killer bee]
 10248 | D:9      | HP: 1/45 [poisoned by a killer bee]
 11320 | D:10     | Entered Level 10 of the Dungeon
 11364 | D:9      | Reached skill level 5 in Evocations
 12364 | D:10     | Learned a level 4 spell: Cause Fear
 12694 | D:10     | Reached XP level 11. HP: 45/48 MP: 10/17
 13129 | D:11     | Found an opulent altar of Gozag.
 13129 | D:11     | Found Gozag's Platinum Reserve.
 13204 | D:11     | Noticed an unseen horror
 13212 | D:11     | Killed an unseen horror
 13265 | D:11     | Noticed Snorg
 13465 | D:11     | Reached skill level 12 in Dodging
 14012 | D:11     | Found a staircase to the Lair.
 14346 | D:11     | Learned a level 3 spell: Ozocubu's Armour
 14774 | D:12     | Reached skill level 1 in Charms
 16026 | D:12     | Reached skill level 10 in Stealth
 16107 | D:12     | Noticed a two-headed ogre
 16354 | D:11     | Killed Snorg
 16430 | D:12     | Killed a two-headed ogre
 16666 | D:12     | Gained mutation: Your thick and shaggy fur keeps you warm.
                  | (AC +3, rC+) [Felid growth]
 16666 | D:12     | Reached XP level 12. HP: 52/52 MP: 15/19
 17040 | Lair:1   | Entered Level 1 of the Lair of Beasts
 18237 | Lair:2   | Noticed a seven-headed hydra
 18237 | Lair:2   | Noticed a six-headed hydra
 18243 | Lair:2   | Killed a six-headed hydra
 18243 | Lair:2   | Reached skill level 5 in Charms
 18256 | Lair:2   | Killed a seven-headed hydra
 18756 | Lair:2   | Noticed a six-headed hydra
 18809 | Lair:2   | Killed a six-headed hydra
 18820 | Lair:2   | Found a staircase to the Shoals.
 19189 | Lair:2   | Reached skill level 10 in Hexes
 19455 | Lair:2   | Reached skill level 10 in Invocations
 19501 | Lair:2   | Reached skill level 10 in Unarmed Combat
 19595 | Lair:2   | Learned a level 2 spell: Sticks to Snakes
 20048 | Lair:2   | Noticed a six-headed hydra
 20061 | Lair:2   | Killed a six-headed hydra
 20061 | Lair:2   | Reached skill level 1 in Transmutations
 20104 | Lair:2   | Noticed a six-headed hydra
 20149 | Lair:2   | Killed a six-headed hydra
 20593 | Lair:3   | Reached skill level 5 in Spellcasting
 20593 | Lair:3   | Reached XP level 13. HP: 59/59 MP: 18/22
 21482 | Lair:3   | Reached skill level 5 in Transmutations
 22059 | Lair:4   | Found a staircase to the Snake Pit.
 22062 | Lair:4   | Reached XP level 14. HP: 64/64 MP: 24/24
 22634 | Lair:4   | Reached skill level 10 in Fighting
 22690 | Lair:4   | Learned a level 5 spell: Blade Hands
 24100 | Lair:5   | Noticed Nessos
 24211 | Lair:5   | Killed Nessos
 25021 | Lair:6   | Entered Level 6 of the Lair of Beasts
 25326 | Lair:6   | Learned a level 2 spell: Swiftness
 25812 | Lair:6   | Found a viscous altar of Jiyva.
 25812 | Lair:6   | Found a staircase to the Slime Pits.
 25900 | Lair:6   | Noticed Sonja
 25904 | Lair:6   | Killed Sonja
 26520 | Lair:6   | Found a large runed translucent door.
 26520 | Lair:6   | Found a large runed translucent door.
 26691 | Lair:6   | Killed from afar by a molten gargoyle
 26692 | Lair:6   | Reached XP level 13. HP: -7/61 MP: 18/26
 26766 | Lair:6   | Reached skill level 10 in Transmutations
 27585 | Orc:1    | Entered Level 1 of the Orcish Mines
 27682 | Orc:1    | HP: 1/61 [troll[an orc warlord] (7)]
 27682 | Orc:1    | Slain by a troll
 27683 | Orc:1    | Reached XP level 12. HP: 0/58 MP: 25/25
 27732 | Orc:1    | Noticed an orc warlord
 27740 | Orc:1    | HP: 1/58 [orc warlord/+3 dire flail of protection (18)]
 28051 | Orc:1    | Demolished by an orc warlord

Levels and vault maps discovered:
D:1:      dpeg_arrival_simpleton_c, layout_rooms
D:2:      layout_rooms, uniq_natasha
D:3:      layout_loops_cross, first_ration, grunt_decor_one_mirror
D:4:      layout_basic, serial_curves, eino_curves_04, eino_curves_02,
          hangedman_abyss_or_decor_jellyfish_corner, chequers_arboretum,
          hangedman_decor_slide_cut
D:5:      layout_basic, grunt_temple_overflow_order_and_chaos_2,
          minmay_fire_ice_demons, uniq_blork_the_orc
D:6:      minmay_chambers_of_sixes, layout_basic, trog_butcher_becter,
          uniq_prince_ribbit1
D:7:      layout_rooms, temple_statues, uniq_duvessa, uniq_joseph
D:8:      layout_cave_pools
D:9:      layout_gridville, orc_0_dummy, serial_shops, nicolae_shop_stone,
          grunt_ogre_cave
D:10:     layout_rooms, minivault_25, minivault_5, nooodl_orcs_dogs
D:11:     layout_layer_cave, erik_lair_island, nicolae_gozag_zags_fifth_avenue,
          uniq_snorg
D:12:     layout_roguey
Temple:   regret_index_temple_chain_breaker
Lair:1:   layout_chaotic_city, minmay_lair_oklob_chamber,
          infiniplex_staircase_pool_2, lemuel_fruit_tree
Lair:2:   cheibrodos_lair_overgrown_chateau, layout_chaotic_city,
          elwin_shoals_entry_stream, serial_bayou_shore_a
Lair:3:   layout_regular_city, grunt_megastairs_1
Lair:4:   layout_roguey, minmay_snake_entry_guardpost_small
Lair:5:   layout_hall_layers, uniq_nessos
Lair:6:   cheibrodos_lair_end_hotspot, layout_gridlike, slime_altar_1,
          uniq_sonja
Orc:1:    layout_diamond_mine

Skill      XL: |  1  2  3  4  5  6  7  8  9 10 11 12 13 14 |
---------------+-------------------------------------------+-----
Unarmed Combat | 3 4 5 6 7 8 10 | 10.0
Dodging        | 2 5 6 8 10 11 12 | 12.0
Stealth        | 4 5 6 8 10 | 10.0
Hexes          | 2 5 6 8 10 | 10.0
Evocations     | 3 5 |  5.0
Spellcasting   | 1 3 4 5 6 8 |  8.2
Invocations    | 1 6 7 9 10 | 10.0
Fighting       | 6 8 9 10 | 10.0
Charms         | 4 5 |  5.1
Transmutations | 4 10 9 | 10.9

Action                   |  1- 3 |  4- 6 |  7- 9 | 10-12 | 13-15 || total
-------------------------+-------+-------+-------+-------+-------++-------
Melee: Unarmed           |    88 |   209 |   370 |   758 |   449 ||  1874
       Bite              |     5 |    22 |    39 |    71 |    48 ||   185
       Punch             |     1 |     1 |    11 |    26 |    20 ||    59
 Cast: Confuse           |       |       |    15 |   158 |   106 ||   279
       Ozocubu's Armour  |       |       |       |     1 |       ||     1
       Blade Hands       |       |       |       |     2 |     9 ||    11
       Cause Fear        |       |       |       |     1 |     1 ||     2
Evoke: Wand              |       |       |     9 |    12 |       ||    21
  Use: Potion            |       |     7 |     1 |     1 |     1 ||    10
       Scroll            |       |     8 |     6 |    10 |     4 ||    28
 Stab: Sleeping          |     2 |     8 |    10 |    31 |    13 ||    64
       Paralysed         |       |       |    17 |    26 |    26 ||    69
       Distracted        |       |       |     1 |       |       ||     1
       Confused          |       |       |     4 |    56 |    43 ||   103
  Eat: Chunk             |     7 |     6 |    17 |    44 |    24 ||    98
Armor: Skin              |     2 |    28 |    20 |    54 |    18 ||   122
Dodge: Dodged            |    73 |   174 |   305 |   809 |   452 ||  1813

Table legend:
 A = Non-vault XP
 B = Vault XP
 C = Vault XP percentage of total XP
 D = Non-vault monster count
 E = Vault monster count
 F = Vault count percentage of total count
                 A         B        C        D         E       F
            +---------+---------+-------+---------+---------+-------
      Total |   50826 |   19679 |  27.9 |     471 |      90 |  16.0
            +---------+---------+-------+---------+---------+-------
        D:1 |      29 |       0 |   0.0 |      18 |       0 |   0.0
        D:2 |     157 |      35 |  18.2 |      24 |       1 |   4.0
        D:3 |     196 |       0 |   0.0 |      32 |       0 |   0.0
        D:4 |     194 |       0 |   0.0 |      12 |       0 |   0.0
        D:5 |     418 |     144 |  25.6 |      10 |       3 |  23.1
        D:6 |     821 |     801 |  49.4 |      21 |      10 |  32.3
        D:7 |     856 |     716 |  45.5 |      19 |       3 |  13.6
        D:8 |    2329 |       0 |   0.0 |      47 |       0 |   0.0
        D:9 |    1848 |     121 |   6.1 |      38 |       1 |   2.6
       D:10 |    2250 |    1161 |  34.0 |      38 |      12 |  24.0
       D:11 |    2939 |    1848 |  38.6 |      28 |       8 |  22.2
       D:12 |    6536 |       0 |   0.0 |      41 |       0 |   0.0
     Lair:1 |     670 |     282 |  29.6 |       4 |       1 |  20.0
     Lair:2 |    4375 |    4930 |  53.0 |      15 |      17 |  53.1
     Lair:3 |    5127 |       0 |   0.0 |      20 |       0 |   0.0
     Lair:4 |    8995 |     622 |   6.5 |      34 |       4 |  10.5
     Lair:5 |    4545 |    1269 |  21.8 |      15 |       1 |   6.2
     Lair:6 |    6052 |    7750 |  56.2 |      22 |      29 |  56.9
      Orc:1 |    2489 |       0 |   0.0 |      33 |       0 |   0.0
            +---------+---------+-------+---------+---------+-------
